 Dungeon Crawl Stone Soup version 0.17-a0-2118-g63bad21 (webtiles) character file.

635 axujen the Grasshopper (level 7, 0/55 HPs)
             Began as a Centaur Warper on Oct 20, 2015.
             Killed from afar by an orc wizard (5 damage)
             ... with a magic dart
             ... on level 4 of the Dungeon.
             The game lasted 00:15:01 (6365 turns).

axujen the Grasshopper (Centaur Warper)             Turns: 6365, Time: 00:15:01

Health: 0/55       AC:  9    Str: 14    XL:     7   Next: 25%
Magic:  9/9        EV:  8    Int: 12    God:
Gold:   140        SH:  0    Dex: 10    Spells: 4 memorised, 0 levels left

rFire  . . .     SeeInvis .     a - +0 mace
rCold  . . .     Clarity  .     j - +1 ring mail
rNeg   . . .     SustAt   .     (no shield)
rPois  .         Gourm    .     y - +2 helmet
rElec  .         Spirit   .     (no cloak)
rCorr  .         Warding  .     (no gloves)
rMut   .         Stasis   .     (no barding)
MR     .....                    m - amulet of faith
Stlth  ..........               (no ring)
                                (no ring)

@: very quick, not resistant to hostile enchantments, extremely unstealthy
A: hooves 3, deformed body, speed 2, tough skin 3
a: no special abilities


You were on level 4 of the Dungeon.
You were very hungry.

You visited 1 branch of the dungeon, and saw 4 of its levels.
You also visited: Sewer.

You collected 140 gold pieces.

Inventory:

Hand Weapons
 a - a +0 mace (weapon)
Missiles
 e - 5 tomahawks of dispersal (quivered)
 i - 107 stones
 o - 15 arrows
 G - 3 tomahawks
Armour
 j - a +1 ring mail (worn)
 y - a +2 helmet (worn)
Jewellery
 m - an amulet of faith (around neck)
 z - an uncursed amulet of guardian spirit
Scrolls
 d - a scroll of blinking
 B - a scroll of magic mapping
 E - a scroll of fog
 F - a scroll of amnesia
Potions
 h - a potion of heal wounds
 k - 2 potions of curing {unknown}
 s - 2 potions of might {unknown}
 t - a potion of flight {unknown}
 v - a potion of cancellation {unknown}
 D - a potion of magic {unknown}
Books
 c - a book of Spatial Translocations

   Spells                             Type                      Level
   a - Apportation                    Translocation                1
   b - Blink                          Translocation                2
   c - Shroud of Golubria             Charms/Translocation         2
   d - Portal Projectile              Translocation                3
   e - Teleport Other                 Translocation                3
   f - Passage of Golubria            Translocation                4
Comestibles
 f - 2 bread rations
 g - 3 meat rations


   Skills:
 - Level 2.0 Fighting
 - Level 1.7 Maces & Flails
 - Level 1.1 Throwing
 - Level 0.6 Armour
 - Level 1.3 Dodging
 - Level 1.5 Spellcasting
 + Level 7.7 Translocations


You couldn't memorise any spells.
You knew the following spells:

 Your Spells              Type           Power        Failure   Level  Hunger
b - Blink                 Tloc           N/A          4%          2    ###....
c - Passage of Golubria   Tloc           N/A          24%         4    #####..
d - Shroud of Golubria    Chrm/Tloc      ##........   21%         2    ###....
z - Apportation           Tloc           ###.......   2%          1    ##.....


Dungeon Overview and Level Annotations

Branches:
Dungeon (4/15)
 Temple: D:4-7

Altars:
Fedhas


Innate Abilities, Weirdness & Mutations

You have hooves in place of feet.
Armour fits poorly on your strangely shaped body.
You cover ground very quickly.
You have extremely tough skin (AC +3).


Message History

The magic dart hits you!
The orc wizard points at you and mumbles some strange words.
The magic dart hits you!
There is a stone staircase leading down here.
You close the door.
You start resting.
An orc wizard opens the door.
It is wielding a dagger of distortion.
You hit the orc wizard but do no damage.
The orc wizard mumbles some strange words.
The orc wizard seems to speed up.
You barely miss the orc wizard.
The orc wizard hits you but does no damage.
Space warps horribly around you!
* * * LOW HITPOINT WARNING * * *
The orc wizard gestures at you while chanting.
The magic dart hits you!
* * * LOW HITPOINT WARNING * * *
The orc wizard points at you and mumbles some strange words.
The magic dart hits you!
You die...

.####.........####...#.#
....'.........'........#
..###.........####...#.#
..# ##.......## ##.##.#
..# ##.....## ####.# ..#
##...## #..# #.# ##'##
#.## #.# #>###########.#
#.# #o##....c.....# ..#
##.##o#######..# ###
##...#.# #..#
######....o.# #####..#
##.........#.# #......#
......#.#.##.# #.###.##
##.##.#.####.###.# #.#
#.##............###.#
#.####.####.........#


You could see an orc wizard.

Vanquished Creatures
  6 big kobolds (Sewer)
  A worker ant (D:4)
  An orc wizard (D:4)
  An adder (Sewer)
  3 gnolls (D:3)
  4 oozes
  7 worms
  4 giant geckos
  2 orcs
  3 ball pythons
  9 bats
  12 giant cockroaches
  7 goblins
  4 hobgoblins
  12 jackals
  2 quokkas
  2 giant newts
  12 kobolds
  12 rats
104 creatures vanquished.

Notes
Turn   | Place    | Note
--------------------------------------------------------------
     0 | D:1      | axujen the Centaur Warper began the quest for the Orb.
     0 | D:1      | Reached XP level 1. HP: 17/17 MP: 3/3
    50 | D:1      | Reached skill level 3 in Translocations
   229 | D:1      | Reached XP level 2. HP: 24/24 MP: 4/4
   828 | D:1      | Reached XP level 3. HP: 22/29 MP: 5/5
  1226 | D:2      | Reached skill level 4 in Translocations
  1270 | D:2      | Found a blossoming altar of Fedhas.
  2215 | D:2      | Learned a level 2 spell: Blink
  2755 | D:3      | Reached XP level 4. HP: 36/36 MP: 6/6
  3635 | D:4      | Found a glowing drain.
  3665 | Sewer    | Entered a sewer
  3767 | Sewer    | Reached skill level 5 in Translocations
  3898 | Sewer    | Reached XP level 5. HP: 19/41 MP: 7/7
  4506 | Sewer    | Noticed a big kobold
  4519 | Sewer    | Killed a big kobold
  4646 | Sewer    | Noticed a big kobold
  4680 | Sewer    | Killed a big kobold
  4680 | Sewer    | Reached skill level 6 in Translocations
  4680 | Sewer    | Reached XP level 6. HP: 39/48 MP: 8/8
  4686 | Sewer    | Learned a level 4 spell: Passage of Golubria
  4738 | Sewer    | Noticed a big kobold
  4765 | Sewer    | Killed a big kobold
  4801 | Sewer    | Noticed a big kobold
  4801 | Sewer    | Noticed a big kobold
  4847 | Sewer    | Killed a big kobold
  4847 | Sewer    | Reached skill level 7 in Translocations
  4862 | Sewer    | Killed a big kobold
  4998 | Sewer    | Noticed a big kobold
  5021 | Sewer    | Killed a big kobold
  5021 | Sewer    | Reached XP level 7. HP: 30/55 MP: 9/9
  5283 | Sewer    | Learned a level 2 spell: Shroud of Golubria
  6365 | D:4      | Killed from afar by an orc wizard

Vault maps used:
D:1:      wheals_arrival_shading, minmay_bisected
D:2:      fedhas_altar_1
D:3:      serial_co_window_serial, co_window_corner_a,
          co_window_of_opportunity_a, co_window_corner_a,
          co_window_of_opportunity_a, co_window_paths_a,
          co_window_unsneaky_path_e, co_window_of_opportunity_b,
          co_window_of_opportunity_b, co_window_of_opportunity_b,
          co_window_of_opportunity_b, co_window_paths_c, co_window_corner_b
D:4:      portal_sewer_entry_f, first_bread
Sewer:    sewer_co_tree

Action                   |  1- 3 |  4- 6 |  7- 9 || total
-------------------------+-------+-------+-------++-------
Melee: Mace              |   150 |   272 |    43 ||   465
       Spear             |   108 |    19 |       ||   127
  Use: Scroll            |     4 |     4 |     2 ||    10
  Eat: Chunk             |     5 |     6 |     1 ||    12
       Fruit             |       |       |     1 ||     1
       Pizza             |       |       |     1 ||     1
